 Dungeon Crawl Stone Soup version 0.17.0-28-g6e173f8 (webtiles) character file.

277 Ponchio the Grave Robber (level 6, -15/32 HPs)
             Began as a Deep Elf Necromancer on Nov 29, 2015.
             Demolished by Dickchan's ghost (17 damage)
             ... on level 3 of the Dungeon.
             The game lasted 00:31:49 (3591 turns).

Ponchio the Grave Robber (Deep Elf Necromancer)     Turns: 3591, Time: 00:31:49

Health: -15/32     AC:  4    Str:  5    XL:     6   Next: 4%
Magic:  17/17      EV: 13    Int: 22    God:
Gold:   143        SH:  0    Dex: 15    Spells: 3 memorised, 9 levels left

rFire  . . .     SeeInvis .     l - +0 dagger
rCold  . . .     Clarity  .     a - +0 robe
rNeg   . . .     SustAt   +     (no shield)
rPois  .         Gourm    .     (no helmet)
rElec  .         Spirit   .     t - +0 cloak
rCorr  .         Warding  .     (no gloves)
rMut   .         Stasis   .     u - +0 pair of boots
MR     .....                    (no amulet)
Stlth  ++........               (no ring)
                                e - ring of sustain attributes

@: flying, not resistant to hostile enchantments, unstealthy
A: no striking features
a: no special abilities


You were on level 3 of the Dungeon.
You were not hungry.

You visited 1 branch of the dungeon, and saw 3 of its levels.

You collected 143 gold pieces.

Inventory:

Hand Weapons
 l - a +0 dagger (weapon)
 v - a +0 flail
Missiles
 p - 8 tomahawks of returning (quivered)
Armour
 a - a +0 robe (worn)
 t - a +0 cloak (worn)
 u - a +0 pair of boots (worn)
Jewellery
 e - a ring of sustain attributes (left hand)
Wands
 o - a wand of polymorph (19)
Scrolls
 d - 2 scrolls of amnesia {unknown}
 f - a scroll of teleportation {unknown}
 g - a scroll of noise {unknown}
 i - 2 scrolls of fog {unknown}
 k - 4 scrolls of identify {unknown}
 m - a scroll of magic mapping {unknown}
 n - a scroll of enchant weapon {unknown}
 s - a scroll of fear {unknown}
Potions
 j - a potion of curing {unknown}
 q - a potion of agility {unknown}
 r - a potion of lignification {unknown}
Books
 b - a book of Necromancy

   Spells                             Type                      Level
   a - Pain                           Necromancy                   1
   b - Animate Skeleton               Necromancy                   1
   c - Vampiric Draining              Necromancy                   3
   d - Regeneration                   Charms/Necromancy            3
   e - Animate Dead                   Necromancy                   4
   f - Control Undead                 Necromancy                   4
Comestibles
 c - 5 bread rations
 w - a slice of pizza
 x - a chunk of flesh
 z - a beef jerky
 A - a meat ration


   Skills:
 + Level 3.0 Dodging
 - Level 2.4 Stealth
 - Level 6.0 Spellcasting
 - Level 7.1 Necromancy


You had 9 spell levels left.
You knew the following spells:

 Your Spells              Type           Power        Failure   Level  Hunger
a - Pain                  Necr           ####         1%          1    None
b - Vampiric Draining     Necr           #####.....   1%          3    #......
c - Animate Dead          Necr           N/A          6%          4    ###....


Dungeon Overview and Level Annotations

Branches:
Dungeon (3/15)

Altars:
Makhleb

Annotations:
D:3 Dickchan's ghost, amateur GrFi


Message History

Dickchan's ghost hits you. Dickchan's ghost closely misses you.
Dickchan's ghost barely misses you. Dickchan's ghost hits you. x2
Dickchan's ghost closely misses you. Dickchan's ghost closely misses you.
Dickchan's ghost hits you but does no damage.
Dickchan's ghost says, "You cannot hurt me!"
Dickchan's ghost hits you! Dickchan's ghost closely misses you.
Dickchan's ghost hits you.
Dickchan's ghost hits you but does no damage.
Dickchan's ghost hits you!
* * * LOW HITPOINT WARNING * * *
Drink which item? (? for menu, Esc to quit)
It was a potion of flight.
You feel very buoyant.
You fly up into the air.
Dickchan's ghost hits you!
Ouch! That really hurt!
You die...

#.###.♣♣≈≈≈≈≈≈≈≈≈≈≈P♣.......
#.....≈♣≈≈≈≈≈≈≈≈≈≈≈≈♣.##...#
#.###.P♣≈≈≈≈≈≈≈≈≈≈≈♣≈.......
#.# ♣≈≈≈≈≈≈≈≈≈≈≈♣♣###...#
#.# ♣≈≈≈≈≈≈≈≈≈≈≈≈♣ ##.## #.#
♣P≈≈≈≈≈≈≈♣P≈♣≈# #..# #.#
♣≈♣≈≈≈≈≈≈≈≈♣♣## ##.# #.#
♣♣≈≈WP≈≈P≈≈♣ #.# #.####
♣≈≈@♣≈≈≈≈P♣ #.# #....#
#≈♣P≈≈P≈≈≈≈♣ #.# ####.#
#♣≈≈≈≈≈♣P≈≈♣ #.# #.#
♣≈≈♣≈≈≈P♣≈♣ #.# #.#
##♣♣≈≈≈♣P≈.# #.# #.#
≈♣P♣♣.#.# #.# #.# ##♣≈♣ ...#
#.# #.# ### ##.# #####.# #.#
. #....#.


You could see Dickchan's ghost.

Vanquished Creatures
  An orc priest (D:3)
  Crazy Yiuf (D:3)
  Ijyb (D:3)
  An orc wizard (D:3)
  Jessica (D:3)
  Terence (D:3)
  5 adders
  An ooze (D:1)
  3 giant geckos
  5 orcs (D:3)
  6 giant cockroaches
  5 hobgoblins
  4 jackals (D:3)
  10 bats
  6 giant newts
  6 goblins
  6 kobolds
  8 rats
71 creatures vanquished.

Vanquished Creatures (collateral kills)
  An orc (D:3)
  A goblin (D:3)
2 creatures vanquished.

Grand Total: 73 creatures vanquished

Notes
Turn   | Place    | Note
--------------------------------------------------------------
     0 | D:1      | Ponchio the Deep Elf Necromancer began the quest for the Orb.
     0 | D:1      | Reached XP level 1. HP: 10/10 MP: 6/6
    65 | D:1      | Reached skill level 5 in Necromancy
   377 | D:1      | Reached XP level 2. HP: 12/15 MP: 4/8
  1073 | D:2      | Reached XP level 3. HP: 19/19 MP: 10/10
  1078 | D:2      | Learned a level 3 spell: Vampiric Draining
  1827 | D:2      | Found a burning altar of Makhleb.
  1973 | D:3      | Reached skill level 6 in Necromancy
  2002 | D:3      | Noticed Dickchan's ghost (amateur GrFi)
  2050 | D:3      | Noticed Ijyb
  2060 | D:3      | Killed Ijyb
  2060 | D:3      | Reached XP level 4. HP: 18/24 MP: 5/12
  2067 | D:3      | Learned a level 4 spell: Animate Dead
  2181 | D:3      | Your ally Ijyb died
  2184 | D:3      | Reached skill level 5 in Spellcasting
  2646 | D:3      | Noticed Crazy Yiuf
  2659 | D:3      | Killed Crazy Yiuf
  2659 | D:3      | Reached XP level 5. HP: 28/28 MP: 8/14
  2714 | D:3      | Noticed Jessica
  2729 | D:3      | Killed Jessica
  2779 | D:3      | Your ally Crazy Yiuf died
  2842 | D:3      | HP: 1/28 [orc priest/divine providence (12)]
  2843 | D:3      | Reached skill level 7 in Necromancy
  3355 | D:3      | Noticed Terence
  3359 | D:3      | Killed Terence
  3359 | D:3      | Reached XP level 6. HP: 27/32 MP: 11/17
  3487 | D:3      | Your ally Terence died
  3590 | D:3      | HP: 1/32 [Dickchan's ghost (11)]
  3591 | D:3      | Demolished by Dickchan's ghost

Action                   |  1- 3 |  4- 6 || total
-------------------------+-------+-------++-------
Melee: Dagger            |     2 |     4 ||     6
       Unarmed           |       |     5 ||     5
 Cast: Pain              |    65 |    55 ||   120
       Animate Dead      |       |    15 ||    15
  Use: Potion            |       |     1 ||     1
 Stab: Sleeping          |     2 |       ||     2
  Eat: Chunk             |     3 |     2 ||     5
       Beef jerky        |       |     1 ||     1
       Bread ration      |       |     1 ||     1
